 Dungeon Crawl Stone Soup version 0.17-a0-435-gc4df345 (webtiles) character file.

147 krae the Insei (level 5, -1/33 HPs)
             Began as an Octopode Transmuter on Apr 4, 2015.
             Slain by an orc
             ... wielding a +0 dagger
              (3 damage)
             ... on level 3 of the Dungeon.
             The game lasted 00:07:49 (1697 turns).

krae the Insei (Octopode Transmuter)                Turns: 1697, Time: 00:07:49

Health: -1/33      AC:  1    Str:  9    XL:     5   Next: 29%
Magic:  7/8        EV: 12    Int: 17    God:
Gold:   123        SH:  0    Dex: 12    Spells: 3 memorised, 2 levels left

rFire  . . .     SeeInvis .       - Unarmed
rCold  . . .     Clarity  .     (no shield)
rNeg   . . .     SustAb   .     (helmet restricted)
rPois  .         Gourm    .     k - amulet of faith {!P}
rElec  .         Spirit   .     (no ring)
rCorr  .         Warding  .     (no ring)
rMut   .         Stasis   .     (no ring)
MR     .....                    (no ring)
Stlth  ++........               (no ring)
                                (no ring)
                                (no ring)
                                (no ring)

@: appendage, very slightly contaminated, not resistant to hostile enchantments,
unstealthy
A: almost no armour, amphibious, 8 rings, constrict 8, tentacle spike 3,
camouflage 1, gelatinous body 1
a: End Transformation


You were on level 3 of the Dungeon.
You were not hungry.
One of your tentacles had a temporary spike.
You visited 1 branch of the dungeon, and saw 5 of its levels.

You collected 123 gold pieces.


Innate Abilities, Weirdness & Mutations

You cannot wear most types of armour.
You are amphibious.
You can wear up to eight rings at the same time.
You can use your tentacles to constrict eight enemies at once.
Your skin changes colour to match your surroundings (Stealth).
Your rubbery body absorbs attacks (AC +1).
One of your tentacles bears a large vicious spike.


   Skills:
 - Level 1.0 Fighting
 - Level 2.0 Dodging
 + Level 5.8 Unarmed Combat
 - Level 2.0 Spellcasting
 - Level 2.0 Transmutations


You had 2 spell levels left.
You knew the following spells:

 Your Spells              Type           Power        Failure   Level  Hunger
x - Spider Form           Trmt/Pois      #.........   38%         3    ###....
z - Beastly Appendage     Trmt           #.....       10%         1    #......
Z - Sticks to Snakes      Trmt           #.........   14%         2    ###....

Inventory:

Hand weapons
 s - a +0 blowgun
 w - a +0 blowgun
Missiles
 b - 12 arrows
 q - 13 poisoned needles
Jewellery
 k - an amulet of faith (around mantle) {!P}
Scrolls
 c - a scroll of identify {unknown}
 g - a scroll of recharging {unknown}
 h - 2 scrolls of fog {unknown}
 l - a scroll of immolation {unknown}
 o - a scroll of remove curse {unknown}
 p - 2 scrolls of random uselessness {unknown}
 r - a scroll of noise {unknown}
Potions
 e - 2 potions of restore abilities {unknown}
 f - a potion of agility {unknown}
 j - a potion of degeneration {unknown}
 m - 2 potions of curing {unknown}
Books
 d - a book of Changes
Comestibles
 a - 3 bread rations
 i - 2 beef jerkies

Dungeon Overview and Level Annotations

Branches:
Dungeon (5/15)
 Temple: D:4-7

Altars:

Annotations:
D:3 Sigmund
D:4 stickyfingers's ghost, experienced OpTm

########## ##........##
#..........# ########
#....ox....#####.......
#....)oo....o..........
#..........####.#.###..
##........## #...##...
########## ##........
#......... #....#....
#....#.... #....##...


You could see an orc wizard and 3 orcs.


Message History

The orc misses you.
The orc wizard points at you and mumbles some strange words.
The magic dart hits you!
* * * LOW HITPOINT WARNING * * *
The orc wizard casts a spell.
The orc wizard blinks!
The orc hits you.
* * * LOW HITPOINT WARNING * * *
You tentacle-slap the orc wizard. You grab the orc wizard.
You pierce the orc wizard, but do no damage.
The orc wizard is heavily wounded.
You constrict the orc wizard. The orc misses you.
The orc wizard hits you with a dagger.
* * * LOW HITPOINT WARNING * * *
The orc completely misses you. The orc hits you with a club.
* * * LOW HITPOINT WARNING * * *
You tentacle-slap the orc wizard. x2
The orc wizard is almost dead.
The orc barely misses you. The orc wizard hits you with a dagger.
* * * LOW HITPOINT WARNING * * *
The orc hits you but does no damage.
Unknown command.
You tentacle-slap the orc wizard but do no damage.
You pierce the orc wizard.
The orc wizard is almost dead.
You constrict the orc wizard.
You kill the orc wizard!
The orc hits you but does no damage. The orc hits you.
* * * LOW HITPOINT WARNING * * *
The orc hits you with a dagger.
You die...

Action                   |  1- 3 |  4- 6 || total
-------------------------+-------+-------++-------
Melee: Unarmed           |   107 |    26 ||   133
 Cast: Beastly Appendage |    14 |     5 ||    19
 Stab: Sleeping          |     3 |       ||     3
  Eat: Fruit             |     1 |       ||     1
       Chunk             |       |     2 ||     2

Vault maps used:
D:1:      nicolae_arrival_somewhat_less_tricky_arrival
D:2:      nicolae_ru_great_annihilating_truth, lemuel_doored_altar, first_bread,
          uniq_robin
D:3:      lemuel_coloured_pillars_altar, serial_undead, serial_undead_b,
          serial_undead_c, serial_undead_d, serial_undead_b, uniq_sigmund
D:4:      minmay_temple_entry_statues
D:5:      due_unseen_surprise, uniq_grinder

Notes
Turn   | Place    | Note
--------------------------------------------------------------
     0 | D:1      | krae, the Octopode Transmuter, began the quest for the Orb.
     0 | D:1      | Reached XP level 1. HP: 13/13 MP: 3/3
   283 | D:2      | Reached XP level 2. HP: 16/18 MP: 3/5
   290 | D:2      | Learned a level 2 spell: Sticks to Snakes
   542 | D:1      | Reached skill level 4 in Unarmed Combat
   579 | D:1      | Reached XP level 3. HP: 20/23 MP: 6/6
   733 | D:2      | Noticed Robin
   736 | D:2      | Killed Robin
   741 | D:2      | HP: 2/23 [hobgoblin[Robin] (5)]
  1081 | D:3      | Noticed Sigmund
  1110 | D:3      | Reached XP level 4. HP: 26/28 MP: 7/7
  1267 | D:4      | Learned a level 3 spell: Spider Form
  1298 | D:5      | Entered Level 5 of the Dungeon
  1306 | D:4      | Reached skill level 5 in Unarmed Combat
  1425 | D:4      | Noticed stickyfingers's ghost (experienced OpTm)
  1434 | D:5      | Reached XP level 5. HP: 10/33 MP: 6/8
  1697 | D:3      | HP: 2/33 [orc (3)]
  1697 | D:3      | Slain by an orc

Vanquished Creatures
  2 hounds
  An orc wizard (D:3)
  Robin (D:2)
  An adder zombie (D:3)
  10 bats
  A bat skeleton (D:3)
  4 giant cockroaches
  7 goblins
  5 hobgoblins
  2 quokkas
  A giant gecko zombie (D:5)
  5 kobolds
  A quokka skeleton (D:3)
  6 rats
47 creatures vanquished.
